Map: [ESL] Royal Blood

Players

Solar - Winner!

  • Race: Zerg Zerg
  • League: Master
  • Spawn Location: 7:00

Clem

  • Race: Terran Terran
  • League: Grandmaster
  • Spawn Location: 1:00

Event: HomeStory Cup XXIII

VOD

Have the link to the VOD?

Description

Time

  • Played on: July 2, 2023, 10:43 a.m.
  • Length: 19:08

All games in this series

Show
View Real Time Build Order
Export as new Build Order

Solar Zerg - Winner!

Build Orders: Hatch First 

Get SALT Encoding   

  12  0:00  Drone  
  13  0:12  Overlord  
  13  0:17  Drone  
  14  0:31  Drone x2  
  16  0:47  Hatchery  
  15  0:50  Drone  
  15  0:54  Drone  
  17  0:58  Drone  
  18  1:08  Extractor  
  17  1:13  Spawning Pool  
  17  1:15  Drone  
  17  1:20  Drone  
  18  1:27  Drone  
  19  1:39  Drone  
  20  1:49  Drone  
  21  2:00  Queen x2, Zergling x2  
  21  2:01  Zergling x2  
  27  2:10  Overlord, Zergling x2  
  27  2:12  Metabolic Boost  
  27  2:31  Drone x2  
  27  2:34  Zergling x2  
  27  2:35  Queen  
  27  2:36  Queen  
  34  2:40  Overlord  
  35  2:44  Zergling x2  
  35  3:02  Drone x2  
  35  3:03  Zergling x4  
  39  3:11  Zergling x2  
  38  3:16  Zergling x4  
  40  3:20  Overlord  
  40  3:24  Zergling x4  
  40  3:27  Hatchery  
  41  3:29  Queen  
  41  3:33  Overlord  
  43  3:39  Drone x2  
  43  3:40  Drone  
  46  3:45  Queen  
  46  3:47  Drone  
  49  3:51  Drone x2  
  49  3:54  Drone  
  52  3:56  Drone  
  52  4:00  Drone x2  
  55  4:04  Overlord  
  55  4:09  Queen  
  57  4:13  Overlord  
  57  4:22  Queen  
  59  4:24  Drone  
  59  4:25  Drone x3  
  59  4:26  Drone  
  59  4:30  Drone  
  65  4:33  Drone  
  65  4:36  Drone x3  
  69  4:39  Queen  
  69  4:41  Drone  
  72  4:46  Drone x2  
  72  4:48  Queen  
  72  4:52  Drone x2  
  78  4:55  Overlord  
  78  5:00  Drone  
  78  5:01  Drone x3  
  78  5:04  Overlord  
  82  5:09  Baneling Nest  
  82  5:11  Extractor  
  82  5:12  Extractor  
  82  5:13  Drone x5  
  84  5:18  Queen  
  84  5:20  Drone x2  
  88  5:23  Zergling x4  
  88  5:24  Zergling x2  
  88  5:25  Zergling x2  
  92  5:29  Lair  
  92  5:31  Drone  
  92  5:35  Zergling x2  
  94  5:36  Drone x3  
  94  5:37  Overlord  
  97  5:44  Extractor, Overlord  
  97  5:46  Drone  
  97  5:47  Overlord  
  97  5:52  Zergling x2  
  97  5:54  Baneling x7  
  98  5:57  Baneling  
  98  5:58  Zergling x6  
  98  6:00  Zergling x4  
  98  6:02  Baneling x2  
  98  6:03  Zergling x2  
  104  6:05  Zergling x4  
  104  6:07  Zergling x4  
  104  6:09  Hatchery  
  107  6:14  Overlord  
  107  6:18  Baneling x6  
  105  6:20  Zergling x2  
  105  6:21  Zergling x4  
  105  6:24  Overlord  
  105  6:25  Overlord  
  108  6:31  Zergling x16  
  105  6:35  Drone  
  105  6:38  Centrifugal Hooks  
  101  6:40  Zergling x4  
  101  6:43  Evolution Chamber, Baneling x2  
  101  6:44  Evolution Chamber, Baneling  
  101  6:45  Baneling, Zergling x2  
  102  6:48  Drone  
  102  6:49  Extractor, Baneling  
  102  6:50  Drone x2, Baneling  
  102  6:51  Drone  
  105  6:56  Zergling x4  
  105  7:01  Zergling x2  
  109  7:08  Zergling x10  
  109  7:10  Overlord  
  109  7:11  Drone x2  
  109  7:13  Zerg Ground Armor Level 1, Zerg Melee Weapons Level 1  
  115  7:19  Queen  
  115  7:20  Zergling x12  
  116  7:27  Drone x2  
  116  7:30  Drone, Queen  
  116  7:31  Drone  
  116  7:34  Zergling x4, Hydralisk Den, Overseer  
  121  7:43  Drone x4  
  116  7:45  Zergling x10  
  116  7:50  Baneling x2  
  121  7:52  Zergling x2  
  121  7:53  Drone  
  121  7:55  Drone  
  122  8:00  Zergling x2  
  122  8:02  Baneling x10  
  122  8:04  Spore Crawler, Zergling x2  
  122  8:05  Zergling x2  
  123  8:08  Zergling x10  
  125  8:19  Zergling x18  
  134  8:25  Baneling x5  
  129  8:28  Zergling x6  
  129  8:30  Queen, Baneling  
  134  8:35  Zergling x8  
  134  8:36  Grooved Spines  
  134  8:38  Extractor  
  134  8:40  Hydralisk x3  
  143  8:42  Zergling x2  
  143  8:46  Overlord  
  133  8:49  Zergling x2  
  133  8:50  Zergling x6  
  133  8:51  Baneling x4  
  133  8:53  Baneling x5  
  133  8:57  Zergling x6  
  133  9:01  Overlord  
  128  9:05  Zergling x10  
  133  9:10  Hydralisk x6  
  144  9:19  Zergling x2  
  144  9:20  Zergling x6  
  144  9:24  Zerg Ground Armor Level 2  
  147  9:29  Zergling x6  
  146  9:35  Hatchery  
  146  9:37  Zergling x8  
  145  9:44  Hydralisk  
  147  9:48  Muscular Augments  
  147  9:50  Zergling x6  
  135  10:06  Hydralisk x3  
  119  10:09  Zergling x4  
  111  10:14  Hydralisk x2  
  111  10:15  Hydralisk x2  
  111  10:17  Zergling x4  
  111  10:20  Zerg Melee Weapons Level 2  
  115  10:22  Hydralisk x3, Hatchery  
  115  10:23  Zergling x2  
  115  10:24  Zergling x4  
  115  10:26  Queen  
  125  10:32  Hydralisk  
  124  10:39  Hydralisk x2  
  126  10:45  Drone x2  
  126  10:46  Zergling x2  
  126  10:49  Zergling x12  
  135  10:50  Pneumatized Carapace  
  135  10:51  Overlord x2  
  135  10:56  Zergling x4  
  137  11:00  Zergling x4  
  137  11:07  Zergling x4  
  139  11:14  Hydralisk  
  139  11:18  Zergling x12  
  147  11:20  Baneling x3  
  147  11:22  Hatchery  
  138  11:27  Zergling x8  
  138  11:33  Zergling x8  
  140  11:40  Zerg Missile Weapons Level 1  
  140  11:45  Zergling x10  
  140  11:46  Zergling x6  
  145  11:48  Hydralisk  
  145  11:49  Hydralisk  
  148  11:59  Baneling x14  
  148  12:00  Overseer  
  148  12:03  Zergling x4  
  148  12:07  Overlord  
  148  12:08  Zergling x2  
  151  12:13  Zergling x8  
  155  12:17  Zergling x4  
  155  12:20  Zergling x6  
  160  12:27  Zergling x10  
  161  12:34  Zergling x8  
  165  12:39  Zergling x6  
  165  12:41  Baneling, Overseer  
  167  12:50  Zergling x2  
  167  12:51  Zergling x10  
  153  12:57  Zergling x10  
  147  13:10  Zergling x8  
  147  13:11  Zergling x2  
  152  13:13  Zergling x2  
  152  13:14  Zergling x2, Baneling  
  152  13:15  Baneling  
  153  13:22  Infestation Pit  
  153  13:24  Zergling x10  
  153  13:26  Hydralisk, Hatchery  
  146  13:37  Hydralisk x3  
  146  13:40  Zergling x8  
  143  13:43  Zergling x6  
  143  13:46  Baneling x5  
  143  13:47  Baneling  
  143  13:48  Baneling  
  139  13:51  Zergling x4  
  139  13:52  Zergling x2  
  139  13:53  Baneling  
  139  13:54  Baneling x2  
  134  13:56  Hydralisk  
  134  14:00  Infestor  
  134  14:02  Infestor  
  138  14:03  Infestor  
  138  14:07  Hydralisk  
  143  14:10  Zergling x4  
  143  14:12  Zergling x4  
  143  14:17  Baneling x8  
  142  14:19  Zergling x2  
  142  14:21  Zergling x2  
  142  14:22  Zergling x2  
  145  14:27  Zergling x10  
  146  14:32  Zergling x6  
  146  14:34  Overlord  
  146  14:35  Overseer  
  146  14:36  Overseer  
  141  14:39  Zergling x4  
  141  14:44  Zergling x8  
  144  14:48  Zergling x2  
  144  14:49  Zergling x4  
  144  14:53  Zergling x6  
  145  15:04  Hydralisk x3  
  136  15:07  Zergling x2  
  136  15:10  Zergling x2  
  136  15:13  Zergling x4  
  138  15:22  Baneling x3  
  138  15:23  Overseer  
  138  15:25  Zergling x2  
  138  15:26  Zergling x6  
  142  15:29  Zergling x4  
  137  15:38  Hydralisk x3  
  139  15:44  Zerg Missile Weapons Level 2  
  139  15:46  Zergling x6  
  140  15:51  Zergling x10  
  140  15:54  Baneling x5  
  145  15:58  Zergling x6  
  145  16:01  Zergling x6  
  145  16:10  Hydralisk x2  
  140  16:17  Zergling x6  
  135  16:20  Zergling x14  
  135  16:25  Zergling x6  
  134  16:28  Baneling  
  134  16:29  Baneling x3  
  134  16:30  Baneling  
  134  16:31  Baneling x8  
  134  16:32  Hydralisk  
  136  16:34  Zergling x4  
  136  16:36  Zergling x2  
  136  16:39  Hydralisk x2  
  140  16:41  Zergling x2  
  140  16:46  Baneling x2  
  134  16:56  Zergling x10  
  132  17:02  Hydralisk x2  
  132  17:07  Zergling x20  
  140  17:13  Hydralisk x3  
  141  17:16  Baneling  
  141  17:20  Zergling x8  
  138  17:25  Zergling x6  
  138  17:28  Zergling x12  
  135  17:31  Zergling x4  
  135  17:33  Baneling x3  
  135  17:36  Zergling x6  
  140  17:42  Drone x2  
  134  17:47  Drone  
  134  17:49  Zergling x4  
  136  17:53  Overlord  
  136  17:56  Zergling x16  
  144  18:01  Zergling x4  
  144  18:05  Baneling x9  
  146  18:07  Zergling x8  
  146  18:09  Overlord  
  150  18:15  Hydralisk  
  150  18:19  Zergling x10  
  157  18:20  Zergling x2  
  157  18:23  Hydralisk  
  157  18:25  Baneling  
  157  18:26  Baneling x3  
  134  18:41  Zergling x22  
  134  18:47  Zergling x8  
Show
View Real Time Build Order
Export as new Build Order

Clem Terran 

Build Orders:  

Get SALT Encoding   

  12  0:00  SCV  
  13  0:12  SCV  
  14  0:17  Supply Depot  
  14  0:24  SCV  
  15  0:39  SCV  
  15  0:40  Barracks  
  16  0:43  Refinery  
  16  0:51  SCV  
  17  0:58  Barracks  
  17  1:03  SCV  
  18  1:15  SCV  
  19  1:18  Barracks  
  19  1:27  Reaper  
  20  1:33  Refinery  
  20  1:43  Orbital Command  
  20  1:46  Reaper  
  21  1:54  Supply Depot  
  22  2:01  Reaper  
  23  2:13  Reaper  
  23  2:16  SCV  
  23  2:21  Reaper  
  25  2:28  SCV  
  26  2:33  Reaper  
  27  2:40  SCV  
  28  2:45  Reaper  
  28  2:49  Command Center  
  29  2:53  SCV  
  30  3:00  Reaper  
  31  3:05  Reaper  
  31  3:10  Supply Depot  
  31  3:20  SCV  
  31  3:27  Factory  
  31  3:32  SCV, Marine  
  33  3:38  Barracks Reactor  
  33  3:44  SCV  
  33  3:45  Barracks Tech Lab  
  34  3:53  Barracks Reactor  
  34  3:56  SCV  
  34  4:00  Orbital Command  
  35  4:05  Marine  
  35  4:06  Stimpack  
  35  4:08  SCV  
  37  4:19  Hellion x2  
  37  4:20  SCV, Barracks Reactor  
  37  4:24  Supply Depot  
  42  4:25  SCV  
  42  4:26  Marine  
  42  4:29  Starport  
  42  4:30  Marine x2  
  46  4:33  SCV  
  46  4:38  SCV  
  48  4:40  Hellion  
  48  4:41  Hellion  
  52  4:46  SCV, Supply Depot  
  52  4:48  Marine  
  52  4:49  Marine  
  52  4:50  SCV  
  52  4:52  Marine  
  57  4:59  SCV  
  58  5:05  Marine x2, SCV  
  61  5:08  Marine x2  
  61  5:09  Armory  
  61  5:13  SCV, Factory Reactor, Supply Depot, Marine  
  65  5:20  Medivac  
  67  5:23  Marine  
  67  5:25  Marine  
  67  5:26  SCV  
  70  5:31  Supply Depot  
  70  5:34  Marine x2, Medivac, SCV  
  70  5:35  Marine  
  76  5:40  Marine  
  77  5:43  Marine  
  77  5:46  Refinery  
  78  5:52  Marine  
  78  5:53  Marine x2, SCV  
  78  5:54  Medivac  
  78  5:55  Widow Mine  
  86  5:59  Supply Depot  
  86  6:06  Engineering Bay  
  86  6:14  SCV, Marine  
  86  6:20  Widow Mine x2, Marine, Medivac, SCV  
  86  6:24  Marine  
  86  6:25  Marine  
  93  6:30  Marine  
  93  6:32  Marine  
  86  6:33  Medivac  
  86  6:38  Marine  
  88  6:40  Terran Infantry Weapons Level 1  
  88  6:42  Marine, Command Center  
  88  6:43  Marine  
  88  6:46  Supply Depot  
  90  6:48  Marine  
  90  6:50  Widow Mine, Marine, Refinery  
  94  7:06  Combat Shield  
  94  7:07  Marine x4, Supply Depot  
  94  7:08  Widow Mine  
  100  7:09  Supply Depot  
  100  7:14  Widow Mine  
  102  7:26  SCV  
  102  7:27  Marine, Medivac  
  102  7:29  Marine, SCV  
  104  7:31  Engineering Bay, Marine  
  104  7:32  Marine  
  106  7:37  Widow Mine  
  106  7:38  SCV  
  106  7:39  Marine, Medivac  
  111  7:45  Marine  
  111  7:47  SCV  
  111  7:49  Marine  
  111  7:51  SCV  
  109  7:52  Widow Mine  
  109  7:55  Marine  
  111  7:59  SCV  
  111  8:00  Terran Infantry Armor Level 1  
  111  8:03  Widow Mine, Medivac  
  111  8:04  Marine x3  
  119  8:11  SCV x2  
  120  8:15  Orbital Command, Supply Depot  
  122  8:20  Widow Mine  
  122  8:21  Medivac  
  122  8:23  SCV  
  125  8:27  Widow Mine, Marine  
  125  8:30  Marine x3  
  125  8:31  Marine  
  125  8:32  SCV  
  132  8:35  SCV  
  133  8:42  SCV  
  133  8:44  SCV, Supply Depot x2  
  133  8:45  Marine  
  133  8:48  Terran Infantry Weapons Level 2  
  131  8:50  SCV  
  131  8:52  Widow Mine  
  131  8:54  SCV  
  132  8:57  SCV, Marine  
  132  9:01  Widow Mine  
  136  9:03  Marine  
  136  9:06  Marine  
  138  9:12  Marine x2  
  138  9:13  Widow Mine  
  138  9:14  Barracks x2, Marine  
  138  9:15  Medivac  
  145  9:17  Medivac  
  145  9:21  SCV  
  145  9:22  Widow Mine, SCV  
  145  9:23  SCV  
  145  9:33  Marine x2  
  145  9:35  Widow Mine, Marine x3  
  150  9:44  Widow Mine  
  150  9:45  Liberator, Supply Depot x2  
  153  9:47  Medivac  
  153  9:51  Marine  
  153  9:54  Marine x2  
  153  9:56  Widow Mine  
  151  10:00  SCV  
  151  10:02  SCV  
  151  10:03  SCV  
  151  10:05  Widow Mine  
  146  10:12  SCV  
  144  10:14  Marine, SCV  
  144  10:15  SCV  
  144  10:17  Widow Mine, Medivac  
  145  10:26  Widow Mine  
  145  10:28  Marine  
  148  10:34  Factory  
  132  10:36  Medivac, Command Center  
  132  10:37  Marauder, Barracks Reactor  
  132  10:38  Barracks Reactor  
  132  10:39  Widow Mine  
  138  10:44  SCV x2  
  138  10:45  SCV, Refinery  
  138  10:48  Widow Mine  
  143  10:52  Supply Depot  
  143  10:56  Marine x4, SCV x2  
  147  10:58  Marauder  
  147  11:01  Barracks  
  147  11:02  Barracks  
  148  11:05  Barracks  
  148  11:10  Widow Mine  
  149  11:11  Liberator x2  
  149  11:15  Marine  
  149  11:16  Marine  
  155  11:19  Widow Mine, Marine x4, Marauder  
  155  11:21  Marine x2  
  155  11:25  Widow Mine  
  161  11:32  Widow Mine  
  147  11:33  Marine  
  147  11:34  Marine  
  147  11:36  SCV  
  147  11:37  Marine x4  
  147  11:38  Marine, Refinery  
  147  11:39  Terran Infantry Armor Level 2  
  152  11:40  Marine  
  152  11:41  Marauder, SCV  
  152  11:42  SCV  
  157  11:48  Supply Depot x2  
  157  11:50  Marine  
  157  11:51  Marine  
  157  11:55  Factory Tech Lab  
  157  11:58  Command Center  
  157  12:05  Terran Infantry Weapons Level 3  
  157  12:15  Widow Mine x2, Marine, Marauder  
  164  12:17  Orbital Command  
  164  12:18  Widow Mine  
  164  12:19  Barracks Tech Lab x2  
  166  12:24  Marine x2  
  166  12:26  Refinery  
  166  12:27  Refinery  
  166  12:28  Marine  
  165  12:30  Marine  
  165  12:33  Marine x3  
  165  12:34  Marine  
  165  12:36  Widow Mine  
  165  12:37  Marauder  
  173  12:39  Widow Mine  
  173  12:45  Widow Mine, Marine x3  
  144  12:51  Marine  
  144  12:58  Widow Mine, Marine  
  132  12:59  SCV  
  132  13:00  SCV  
  132  13:03  Planetary Fortress  
  132  13:05  Widow Mine, Marine, SCV  
  136  13:10  Widow Mine  
  136  13:11  Marine  
  136  13:12  SCV  
  141  13:19  Widow Mine  
  143  13:24  Orbital Command  
  140  13:27  Widow Mine  
  140  13:30  Marauder  
  140  13:31  Marine  
  129  13:35  Marine x2  
  129  13:36  Marine  
  129  13:40  Widow Mine  
  129  13:41  SCV x3  
  121  13:53  SCV x3, Marine  
  125  13:57  SCV  
  125  13:59  Marine  
  125  14:01  Marine  
  124  14:03  Marine  
  124  14:05  SCV  
  126  14:11  SCV  
  126  14:12  SCV  
  126  14:14  Marine  
  126  14:15  Marine x2  
  126  14:16  Widow Mine  
  133  14:19  Widow Mine  
  133  14:20  Marine  
  133  14:23  Marine, Medivac  
  133  14:24  Marine  
  140  14:25  Marine  
  140  14:27  Marine  
  137  14:33  Marine  
  137  14:35  Marine x5  
  137  14:37  Widow Mine, Marine  
  140  14:38  Marine  
  140  14:41  SCV  
  140  14:42  SCV x3  
  140  14:45  Widow Mine  
  145  14:51  Liberator  
  147  14:53  Liberator, SCV  
  147  14:55  Marauder x2  
  147  14:56  Marine  
  147  14:59  Widow Mine  
  158  15:01  Supply Depot  
  158  15:07  Widow Mine, Marine  
  158  15:14  Marauder, Marine x3  
  158  15:16  Marauder  
  158  15:17  Marauder  
  158  15:20  Widow Mine  
  165  15:22  Marine x2  
  165  15:28  Widow Mine, Marine  
  170  15:33  Marine x3  
  170  15:35  Marauder  
  171  15:38  Marauder x2  
  171  15:39  Ghost Academy  
  171  15:42  Widow Mine  
  168  15:44  Terran Infantry Armor Level 3  
  168  15:45  Marine  
  168  15:46  Marine  
  168  15:49  Marine x2  
  171  15:50  Widow Mine  
  171  15:51  Orbital Command  
  171  15:56  Marauder  
  173  15:58  Sensor Tower  
  173  15:59  Marauder  
  173  16:01  Marauder  
  173  16:03  Widow Mine  
  172  16:04  Marine  
  172  16:05  Marine  
  172  16:08  Marine x3, Sensor Tower  
  172  16:11  Widow Mine, Marine x2  
  166  16:18  Marine  
  156  16:24  Widow Mine  
  149  16:31  Marine x2  
  149  16:32  Widow Mine, Marauder x2  
  157  16:33  Refinery  
  157  16:34  SCV  
  157  16:36  SCV x2  
  160  16:43  Marauder  
  160  16:46  Widow Mine  
  154  16:51  Command Center  
  154  16:52  Orbital Command  
  154  16:53  Marine, Marauder x2  
  154  16:54  Widow Mine, Marine  
  136  16:56  Marine x2  
  136  16:58  Marine  
  129  17:05  Marine x2  
  129  17:06  Marine x2  
  129  17:07  Widow Mine, Marine  
  135  17:10  Marine  
  135  17:12  Marine  
  135  17:15  Widow Mine, Marine x2  
  129  17:16  Marine  
  129  17:18  Marine x2  
  129  17:23  Marine x2  
  129  17:24  Marine x2  
  129  17:25  Marine  
  129  17:28  Marine  
  129  17:29  Widow Mine  
  124  17:30  Marine  
  124  17:33  Marine x3  
  124  17:36  Marine, Medivac, Marauder  
  133  17:37  Concussive Shells  
  133  17:40  Marine  
  133  17:41  Marine  
  133  17:42  Marine x2  
  133  17:43  Widow Mine, Marauder  
  141  17:46  Marine  
  141  17:48  Marine  
  144  17:51  Widow Mine, Marine x2  
  144  17:54  Supply Depot  
  146  17:58  Supply Depot  
  146  17:59  Supply Depot  
  146  18:00  Marauder  
  146  18:03  Marine  
  146  18:04  Widow Mine  
  146  18:05  Marine x2  
  153  18:13  SCV  
  153  18:18  SCV x2  
  155  18:29  Refinery  
  155  18:30  SCV  
  155  18:34  Ghost  
  149  18:36  Widow Mine  
  149  18:39  Widow Mine, Marine  
  149  18:40  Marine x2  
  116  18:48  Marine  
Tags
 
Add a new tag
Caveats
  • Supply blocks, unpowered buildings, or Contaminate may cause inaccurate times.
  • Supply counts are checked every 10 seconds.